 Dungeon Crawl Stone Soup version bcrawl-1.13.4 (webtiles) character file.

Game seed: 13079390977798710296

56 Felnil the Covered (level 3, -3/23 HPs)
             Began as a Skeleton Fighter on Aug 14, 2019.
             Slain by Grinder (4 damage)
             ... on level 3 of the Dungeon.
             The game lasted 00:03:13 (1338 turns).

Felnil the Covered (Skeleton Fighter)               Turns: 1338, Time: 00:03:14

Health: -3/23      AC:  7    Str: 23      XL:     3   Next: 71%
Magic:  0/1        EV:  8    Int:  5 (6)  God:
Gold:   180        SH:  9    Dex:  8      Spells: 2/2 levels left

rFire    + . .     SeeInvis .   l - +0 whip (antimagic)
rCold    + . .     Gourm    .   c - +0 shield
rNeg     + + +     Faith    .   b - +0 scale mail
rPois    ∞         Spirit   +   (no helmet)
rElec    .         Reflect  .   (no cloak)
rCorr    .         Harm     .   (no gloves)
MR       .....                  (no boots)
Stlth    ..........             (no amulet)
HPRegen  0.07/turn              i - ring of protection from fire
MPRegen  0.07/turn              (no ring)

@: no status effects
A: no food or potions, cold resistance 1, deterioration 1, negative energy
resistance 3, torment resistance, unbreathing, magic shield, sturdy frame 1,
spell healing
a: no special abilities


You were on level 3 of the Dungeon.
You were not hungry.

You visited 1 branch of the dungeon, and saw 3 of its levels.

You collected 180 gold pieces.

Inventory:

Hand Weapons
 a - a +0 war axe
 l - a +0 antimagic whip (weapon)
Armour
 b - a +0 scale mail (worn)
 c - a +0 shield (worn)
Jewellery
 i - a ring of protection from fire (left hand)
Scrolls
 d - a scroll of magic mapping {unknown}
 e - a scroll of noise {unknown}
 f - 2 scrolls of teleportation {unknown}
 g - a scroll of immolation {unknown}
 h - 2 scrolls of remove curse {unknown}
 j - a scroll of fear {unknown}
 k - a scroll of fog {unknown}
 m - a scroll of enchant weapon {unknown}


   Skills:
 - Level 3.0 Fighting
 - Level 2.4 Axes
 + Level 5.2 Armour
 - Level 3.6 Shields


You had 2 spell levels left.
You didn't know any spells.
Your spell library was empty.

Dungeon Overview and Level Annotations

Branches:
Dungeon (3/12)

Altars:

Annotations:
D:3 Grinder


Innate Abilities, Weirdness & Mutations

You do not eat or drink.
You are immune to poison.
Your flesh is cold resistant. (rC+)
Your body sometimes deteriorates upon taking damage.
You are immune to negative energy. (rN+++)
You are immune to unholy pain and torment.
You can survive without breathing.
When hurt, damage is shared between your health and your magic reserves.
Your movements are slightly less encumbered by armour. (ER -2)
Casting spells heals you.


Message History

You completely miss Grinder.
Grinder is heavily wounded.
You block Grinder's attack. Grinder hits you but does no damage.
You hit Grinder.
Grinder's magic leaks into the air.
Grinder is heavily wounded.
Grinder hits you.
* * * LOW HITPOINT WARNING * * *
Your shield prevents you from hitting Grinder.
Grinder is heavily wounded.
Grinder barely misses you.
You hit Grinder but do no damage.
Grinder is heavily wounded.
Grinder blinks!
Grinder hits you.
* * * LOW HITPOINT WARNING * * *
Your body deteriorates!
You feel dopey.
You hit Grinder but do no damage.
Grinder is heavily wounded.
Grinder hits you.
You die...

##### #.... ##
#.... .#
#....###.###
#..........#
..........#
#..5....#
##..@....#
#....##..#
#....# ##
#....###..#
#.......#
###.....# ##.
#.....#
.....#####.....#
...............#


You could see Grinder.

Vanquished Creatures
  2 dart slugs (D:1)
  2 leopard geckos (D:1)
  2 orcs (D:2)
  2 ball pythons (D:1)
  A bat (D:1)
  3 giant cockroaches (D:1)
  3 goblins
  9 hobgoblins
  6 jackals (D:2)
  3 kobolds
  2 quokkas
  2 frilled lizards (D:1)
  3 rats (D:1)
40 creatures vanquished.

Notes
Turn   | Place    | Note
-------+----------+-------------------------------------------
     0 | D:1      | Felnil the Skeleton Fighter began the quest for the Orb.
     0 | D:1      | Reached XP level 1. HP: 14/14 MP: 1/1
   226 | D:1      | Reached skill level 4 in Armour
   226 | D:1      | Reached XP level 2. HP: 19/19 MP: 2/2
   589 | D:1      | Reached XP level 3. HP: 20/23 MP: 1/3
   871 | D:2      | Reached skill level 5 in Armour
  1293 | D:3      | Noticed Grinder
  1301 | D:3      | Paralysed by Grinder for 3 turns
  1318 | D:3      | Paralysed by Grinder for 2 turns
  1337 | D:3      | HP: 1/23 [Grinder (5)]
  1338 | D:3      | Slain by Grinder

Skill      XL: |  1  2  3 |
---------------+----------+-----
Armour         | 4 5 |  5.2
Fighting       | |  3.0
Axes           | |  2.4
Shields        | |  3.6

Action                   || total
-------------------------++-------
Melee: War axe           ||    76
       Whip              ||    94
Armor: Scale mail        ||    46
Dodge: Dodged            ||    53
Block: Shield            ||    77
